AoeStats
← BigOleGiraffe

Arena

509882115Analyzed
1v1 RM · 5d ago on Sep 28, 2026· 35m 31s· 2 players
Game mode
Random Map
Map size
Tiny (2 player)
Population
200
Speed
Normal
Resources
Standard
Victory
Conquest
Starting age
Dark Age
Ending age
Imperial Age
RankedLock teamsTeams togetherTeam positionsShared explorationLock speedFull tech treeHidden civsTurbo modeCheats
Victory
Defeat
🇺🇸 Bohemians · United States
1137
+16
🇨🇦 Khmer · Canada
1143
-16
Ultros
7:01 Loom
9:12 Feudal Age
8:31 Loom
13:18 Castle Age
11:37 Double-Bit Axe
15:03 Fervor
15:13 Sanctity
16:50 Atonement
19:47 Redemption
23:16 Chemistry
23:49 Padded Archer Armor
23:56 Horse Collar
24:27 Bow Saw
24:57 Leather Archer Armor
32:14 Wheelbarrow
31:25 Town Watch
BigOleGiraffe
9:36 Feudal Age
9:48 Feudal Age
12:49 Castle Age
11:08 Double-Bit Axe
19:12 Devotion
19:34 Light Cavalry
24:16 Husbandry
26:58 Horse Collar
30:10 Bloodlines
30:01 Fletching
30:50 Bodkin Arrow
31:25 Forging
31:59 Scale Barding Armor
34:03 Chain Barding Armor
36:14 Iron Casting
Connection lost

Rejoining the realm…

Still unreachable

The connection could not be restored.

Session expired

The server has moved on; the page needs a fresh start.